 Dungeon Crawl Stone Soup version 0.30-a0-845-g7c6808c8ce (webtiles) character file.

Game seed: 1130638649950310217

770 lunkers the Carver (level 8, -1/61 HPs)
             Began as a Meteoran Gladiator on Mar 2, 2023.
             Was a Follower of Uskayaw.
             Splashed by a jelly's acid (7 damage)
             ... on level 5 of the Dungeon.
             The game lasted 00:05:46 (2159 turns).

lunkers the Carver (Meteoran Gladiator)             Turns: 2159, Time: 00:05:47

Health: -1/61      AC:  2    Str: 15    XL:     8   Next: 30%
Magic:  0/9        EV: 13    Int:  9    God:    Uskayaw [*.....]
Gold:   227        SH:  0    Dex: 19    Spells: 7/7 levels left

rFire   . . .      SeeInvis .    a - +0 long sword
rCold   . . .      Faith    .    (no shield)
rNeg    . . .      Spirit   .    b - +0 leather armour
rPois   .          Reflect  .    c - +1 helmet
rElec   .          Rampage  .    j - +0 cloak
rCorr   .                        (no gloves)
Will    +....                    (no boots)
Stlth   +                        (no amulet)
HPRegen 0.30/turn                (no ring)
MPRegen 0.11/turn                (no ring)

@: corroded, glowing
A: sense surroundings 1, otherworldly, glowing, explore regen
a: Renounce Religion, Stomp


You were on level 5 of the Dungeon.
You worshipped Uskayaw.
Uskayaw was noncommittal.
You visited 2 branches of the dungeon, and saw 6 of its levels.

You collected 227 gold pieces.

Inventory:

Hand Weapons
 a - a +0 long sword (weapon)
Missiles
 d - 3 throwing nets
 e - 3 javelins
Armour
 b - a +0 leather armour (worn)
 c - a +1 helmet (worn)
 j - a +0 cloak (worn)
Scrolls
 f - a scroll of torment
 g - 2 scrolls of teleportation
 k - a scroll of enchant armour
 o - a scroll of amnesia {unknown}
 p - a scroll of butterflies {unknown}
 q - a scroll of identify
 s - a scroll of magic mapping {unknown}
 t - a scroll of vulnerability {unknown}
 u - a scroll of fog {unknown}
Potions
 h - a potion of curing
 i - a potion of magic {unknown}
 l - a potion of heal wounds {unknown}
 m - a potion of ambrosia {unknown}
 n - a potion of attraction {unknown}
 r - a potion of might {unknown}


   Skills:
 - Level 2.1 Fighting
 + Level 10.7 Long Blades
 - Level 2.4 Throwing
 - Level 3.6 Dodging


You had 7 spell levels left.
You didn't know any spells.
Your spell library contained the following spells:

 Spells                   Type           Power      Damage    Failure   Level
 Tukima's Dance           Hex            0%         N/A       83%         3
 Passage of Golubria      Tloc           0%         N/A       99%         4
 Yara's Violent Unravell  Hex/Tmut       0%         3d3       100%        5


Dungeon Overview and Level Annotations

Branches:
Dungeon (5/15) Zot: 905    Temple (1/1) D:5 Zot: 508

Altars:
Dithmenos
Elyvilon
Gozag
Hepliaklqana
Makhleb
Nemelex Xobeh
Okawaru
Qazlal
Sif Muna
Trog
Uskayaw
Vehumet
Wu Jian
Yredelemnul
Zin

Shops:
D:2 !**(

Annotations:
D:5 1 runed translucent door, zenocrate's ghost, novice OpTm


Innate Abilities, Weirdness & Mutations

You passively map a small area around you.
You are easily found by Zot.
You glow in the dark.
You regain HP and MP as you explore.


Message History

* * * LOW HITPOINT WARNING * * *
You are more poisoned.
You slash the orc wizard!
The orc wizard is almost dead.
You feel very sick. The orc hits you with a +0 trident!
* * * LOW HITPOINT WARNING * * *
The orc wizard hits you but does no damage.
You can now pass through a line of other dancers.
You stomp with the beat, sending a shockwave through the revellers around you!
You kill the orc wizard!
The orc is heavily wounded.
You can no longer pass through a line of other dancers.
* * * LOW HITPOINT WARNING * * *
You feel very sick. The orc hits you with a +0 trident.
* * * LOW HITPOINT WARNING * * *
You stomp with the beat, sending a shockwave through the revellers around you!
The jelly is moderately wounded.
You kill the orc!
* * * LOW HITPOINT WARNING * * *
You feel very sick. The jelly misses you.
Unknown command.
Unknown command.
You stomp with the beat, sending a shockwave through the revellers around you!
The jelly is heavily wounded.
* * * LOW MAGIC WARNING * * *
You can no longer stomp with the beat.
* * * LOW HITPOINT WARNING * * *
You feel sick. The jelly misses you.
You can now stomp with the beat.
Unknown command.
You feel better. The jelly misses you.
You completely miss the jelly.
The jelly is heavily wounded.
The jelly hits you.
* * * LOW HITPOINT WARNING * * *
The acid corrodes you!
You are splashed with acid!
You die...

, #...# #...+. * ,
*######.##########..##
, , #.............#
#...# *
#.#####<#####.# ##...
, , .. #.#* *##.. ,#
#. #.# #..
..##.#.###.##.# #.#
......))......#* ,#.#
* * ,..#.##@##....$..#
#.. *, *#J##########
### *, , ...,,* *,
##.## * *#.. , ,* * ,
,... ,, * , ##., , *
.. ,, * ** * ,


You could see a jelly.

Vanquished Creatures
  Eustachio (D:4)
  A water moccasin (D:5)
  A sky beast (D:5)
  A black bear (D:4)
  A scorpion (D:4)
  2 hounds
  A sleepcap (D:5)
  An orc wizard (D:5)
  8 adders
  An ufetubus (D:5)
  2 worms (D:2)
  5 dart slugs
  6 orcs
  3 endoplasms
  9 giant cockroaches
  6 goblins
  4 hobgoblins
  4 quokkas
  14 ball pythons
  6 bats
  3 frilled lizards
  7 kobolds
  4 rats
91 creatures vanquished.

Notes
Turn   | Place    | Note
-------+----------+-------------------------------------------
     0 | D:1      | lunkers the Meteoran Gladiator began the quest for the Orb.
     0 | D:1      | Reached XP level 1. HP: 17/17 MP: 2/2
   119 | D:1      | Reached skill level 4 in Long Blades
   119 | D:1      | Reached XP level 2. HP: 11/24 MP: 3/3
   283 | D:1      | Reached XP level 3. HP: 24/29 MP: 4/4
   405 | D:1      | Reached skill level 5 in Long Blades
   484 | D:1      | Glimpsed the power of Zot.
   547 | D:2      | Reached XP level 4. HP: 25/36 MP: 5/5
   789 | D:2      | Reached skill level 6 in Long Blades
   801 | D:2      | Found Ulothung's Assorted Antiques.
   866 | D:2      | Reached XP level 5. HP: 41/41 MP: 6/6
   961 | D:2      | Found Hairauna's Distillery.
  1012 | D:2      | Found Rahahif's General Store.
  1022 | D:2      | Found Waluiqas's Antique Weapon Emporium.
  1074 | D:2      | Glimpsed the power of Zot.
  1391 | D:3      | Found an ornate altar of the Wu Jian Council.
  1392 | D:3      | Found a burning altar of Makhleb.
  1512 | D:3      | Reached skill level 7 in Long Blades
  1538 | D:3      | Reached XP level 6. HP: 48/48 MP: 7/7
  1707 | D:4      | Reached skill level 8 in Long Blades
  1716 | D:4      | Noticed a black bear
  1723 | D:4      | Killed a black bear
  1724 | D:4      | Reached XP level 7. HP: 39/55 MP: 8/8
  1754 | D:4      | Noticed Eustachio
  1766 | D:4      | Killed Eustachio
  1767 | D:4      | Reached skill level 9 in Long Blades
  1857 | D:5      | Entered Level 5 of the Dungeon
  1860 | D:5      | Found a runed translucent door.
  1860 | D:5      | Noticed zenocrate's ghost (novice OpTm)
  1903 | D:5      | Found a white marble altar of Elyvilon.
  1927 | D:5      | Reached skill level 10 in Long Blades
  1927 | D:5      | Reached XP level 8. HP: 55/61 MP: 9/9
  2014 | D:5      | Found a staircase to the Ecumenical Temple.
  2034 | Temple   | Entered the Ecumenical Temple
  2116 | Temple   | Became a worshipper of Uskayaw the Reveller
  2151 | D:5      | Reached * piety under Uskayaw
  2154 | D:5      | Reached ** piety under Uskayaw
  2159 | D:5      | Splashed by a jelly's acid

Illustrated notes

Levels and vault maps discovered:
D:1:      psy_arrival_conway, layout_basic, nrook_loot_triangle
D:2:      layout_basic, serial_shops, shop, shop_coins, shop, shop,
          minmay_cut_off
D:3:      minmay_roachtagon, layout_loops_ring,
          mainiacjoe_overflow_divided_tiny, chequers_hall_statues_y
D:4:      layout_rooms, uniq_eustachio
D:5:      layout_loops_cross, elyvilon_altar_5, mainiacjoe_overflow_two_lobes,
          lemuel_coloured_pillars_altar, minmay_temple_entry_antechambers,
          hellmonk_ghost_happy_afterlife
Temple:   nicolae_temple_x_marks_the_god

Skill      XL: |  1  2  3  4  5  6  7 |
---------------+----------------------+-----
Long Blades    | 4 5 6 7 8 10 | 10.7
Fighting       | |  2.1
Throwing       | |  2.4
Dodging        | |  3.6

Action                     |  1- 3 |  4- 6 |  7- 9 || total
---------------------------+-------+-------+-------++-------
  Melee: Long sword        |    94 |   157 |    72 ||   323
         Punch             |     1 |     1 |       ||     2
 Invoke: Stomp             |       |       |     3 ||     3
    Use: Scroll            |     3 |       |     3 ||     6
         Potion            |       |       |     1 ||     1
 Armour: Leather armour    |    54 |    65 |    31 ||   150
  Dodge: Dodged            |    57 |   116 |    35 ||   208

Table legend: (Time is in decaauts)
 A = Elapsed time spent in this place.
 B = Non-inter-level travel time spent in this place.
 C = Inter-level travel time spent in this place.
 D = Time resting spent in this place.
 E = Time spent auto-exploring this place.
 F = Levels seen in this place.
 G = Mean time per level.
                   A        B        C        D        E       F      G
               +--------+--------+--------+--------+--------+-----+--------+
         Total |   2185 |   2059 |    126 |      0 |   1399 |   6 |  364.2 |
       Dungeon |   2093 |   2003 |     90 |      0 |   1353 |   5 |  418.6 |
        Temple |     91 |     55 |     36 |      0 |     46 |   1 |   91.0 |
               +--------+--------+--------+--------+--------+-----+--------+

Top non-repeatable levels by time:
     D:2: 606 daAuts
     D:1: 523 daAuts
     D:3: 476 daAuts
     D:4: 280 daAuts
     D:5: 207 daAuts
  Temple: 91 daAuts
